 Dungeon Crawl Stone Soup version 0.31-a0-1074-g0b22e4e0f1 (webtiles) character file.

Game seed: 17953312809631151074

1332 ytrimaz the Martial Artist (level 8, -9/48 HPs)
             Began as an Octopode Shapeshifter on Dec 8, 2023.
             Was a Follower of Ashenzari.
             Killed from afar by a steam dragon (17 damage)
             ... with a ball of steam
             ... on level 6 of the Dungeon.
             The game lasted 00:05:07 (4638 turns).

ytrimaz the Martial Artist (Octopode Shapeshifter)  Turns: 4638, Time: 00:05:08

Health: -9/48      AC:  1    Str: 19    XL:     8   Next: 61%
Magic:  0/8        EV: 13    Int: 13    God:    Ashenzari [*.....]
Gold:   118        SH:  0    Dex: 19    Spells: 7/7 levels left

rFire   . .          .
                       - Unarmed
rCold   . . .        (no shield)
rNeg    . . .        (helmet currently unavailable)
rPois   .            m - amulet of guardian spirit
rElec   .            u - ring "Thunder Perfect Mind" {Dex+6, Comp, Dev} (curse)
rCorr   .            k - ring "Oracular Burden" {Str+6, Comp, Bglg} (curse)
SInv    .            z - ring of wizardry
Will    .....        (no ring)
Stlth   ++++         (no ring)
HPRegen 0.28/turn    (no ring)
MPRegen 0.11/turn    (no ring)
                     (no ring)

%: guardian spirit, wizardry (x1)
@: beast-form
A: beast (slay +2), almost no armour, amphibious, 8 rings, camouflage 1,
gelatinous body 1, (nimble swimmer 1), tentacles
a: Begin Untransformation, Renounce Religion, Shatter the Chains


You were on level 6 of the Dungeon.
You worshipped Ashenzari.
Ashenzari was aware of your devotion.
You were a hulking beast.
You visited 2 branches of the dungeon, and saw 7 of its levels.

You collected 269 gold pieces.
You spent 151 gold pieces at shops.


Innate Abilities, Weirdness & Mutations

You are a hulking beast.
Your limbs bulge with bestial killing power. (Slay +2)
You cannot wear most types of armour.
You are amphibious.
You can wear up to eight rings at the same time.
Your skin changes colour to match your surroundings (Stealth+).
Your rubbery body absorbs attacks. (AC +1, EV +1)
((You are camouflaged when in or above water. (Stealth+)))
You have tentacles for arms and can constrict up to eight enemies at once.


   Skills:
 - Level 1.0 Fighting
 - Level 2.0 Dodging
 + Level 3.4 Stealth
 - Level 10.0 Unarmed Combat
 + Level 3.7(4.5) Shapeshifting


You had 7 spell levels left.
You didn't know any spells.
Your spell library contained the following spells:

 Spells                   Type           Power      Damage    Failure   Level
 Foxfire                  Conj/Fire      0%         2x1d4     12%         1
 Dazzling Flash           Conj/Hex       0%         N/A       34%         3
 Volatile Blastmotes      Fire/Tloc      0%         2d10      34%         3
 Plasma Beam              Fire/Air       0%         2x1d10    100%        6
 Starburst                Conj/Fire      0%         6d3       100%        6
 Maxwell's Capacitive Co  Air            0%         ∞         100%        8

Inventory:

Missiles
 n - a throwing net
Jewellery
 j - an amulet of faith
   (You found it on level 1 of the Dungeon)
 k - the cursed ring "Oracular Burden" (right tentacle) {Str+6, Comp, Bglg}
   (You found it on level 1 of the Dungeon)

   [ring of strength]

   Str+6:     It affects your strength (+6).
   It has a curse which improves the following skills: Companions: Summonings
   and Necromancy.
   Beguiling: Conjurations, Hexes and Translocations.
 m - an amulet of guardian spirit (around mantle)
   (You found it on level 1 of the Dungeon)
 u - the cursed ring "Thunder Perfect Mind" (left tentacle) {Dex+6, Comp, Dev}
   (You found it on level 2 of the Dungeon)

   [ring of dexterity]

   Dex+6:     It affects your dexterity (+6).
   It has a curse which improves the following skills: Companions: Summonings
   and Necromancy.
   Devices:   Evocations and Shapeshifting.
 y - a ring of ice
   (You found it on level 4 of the Dungeon)
 z - a ring of wizardry (on tentacle)
   (You found it on level 4 of the Dungeon)
Talismans
 b - a beast talisman
 c - a flux talisman
Wands
 o - a wand of charming (3) (quivered)
   (You found it on level 2 of the Dungeon)
 B - a wand of polymorph (16)
   (You found it on level 6 of the Dungeon)
Scrolls
 a - a scroll of amnesia
 d - a scroll of blinking
 f - a scroll of fog
 g - 3 scrolls of poison
 h - 4 scrolls of identify
 q - a scroll of noise
 t - 2 scrolls of teleportation
 v - 2 scrolls of enchant weapon
 x - a scroll of butterflies
 A - a scroll of brand weapon
Potions
 i - a potion of attraction
 l - 2 potions of degeneration
 p - 2 potions of haste
 r - 2 potions of curing
 s - a potion of magic
 w - a potion of heal wounds

Dungeon Overview and Level Annotations

Branches:
Dungeon (6/15) Zot: 26299  Temple (1/1) D:4 Zot: 5969

Altars:
Ashenzari
Cheibriados
Dithmenos
Elyvilon
Fedhas
Gozag
Hepliaklqana
Kikubaaqudgha
Makhleb
Nemelex Xobeh
Qazlal
Ru
Uskayaw
Vehumet
Wu Jian
Xom
Yredelemnul
Zin
The Shining One

Shops:
D:4 *

Annotations:
D:4 2 transporters, kd29's ghost, amateur DsRe
D:5 Dowan; Duvessa
D:6 1 runed translucent door, GreenGuy14's ghost, novice GnFi

#8....8#.##.#.####..# #.##.#
###..###.##.#.# ##.# #.##.#
#...._#....#.# ##.## #.##.#
#⌠..###..#.#.# #...###.##.#
##### #..#.#.# #.#...#†##.###
########..#.#.####.###...##.##.
#.........#......).............
#.######.####.####.###.......#.
#...§§§hD......##.......
..........#.####.............
######..#.#.# #..########.#.
#..#.#.# #.. .......< ....#....
#. #.###... .....#...# ......
#####.#...# #.#.##.. #.#..##
....... ###.##.#


You could see a steam dragon (catching breath).


Message History

You bludgeon the ice beast! The ice beast hits you.
* * * LOW HITPOINT WARNING * * *
The ice beast freezes you!
* * * LOW HITPOINT WARNING * * *
A sky beast appears from thin air!
Reactivating autopickup.
Unknown command. 😨 HP[-12] MP[-1]
You take 12 damage, and now have 22/72 hp.
You lost 1 mp, and now have 1/8 mp.
You closely miss the ice beast. 😨 HP[+1] Unknown command.
You bludgeon the ice beast!
You kill the ice beast!
Your Stealth skill increases to level 2!
You bludgeon the sky beast! Your squeeze misses the sky beast.
Unknown command.
You barely miss the sky beast. You squeeze the sky beast!
The sky beast misses you.
You bludgeon the sky beast!
You kill the sky beast!
Your Stealth skill increases to level 3!
Unknown command.
You see here a sky beast corpse.
You feel a strong urge to attack something. 😨 HP[+1] Unknown command.
Ashenzari invites you to partake of a vision and a curse of companions and beguiling. 😨 MP[+1]
You feel your anger nearly subside.
You are no longer berserk.
You are exhausted.
You feel yourself slow down. 😨 HP[-8]
You now have 48 max hp (-24).
You start resting.
You feel yourself speed up. 😮 HP[+11] MP[+4]
You regained 11 hp, and now have 27/48 hp.
You regained 4 mp, and now have 6/8 mp.
You start resting.
You recover from your berserk rage. 😮 HP[+3] MP[+1]
You regained 3 hp, and now have 30/48 hp.
Unknown command.
Unknown command.
Okay, then.
Unknown command.
Okay, then.
Your +6 ring of strength glows black for a moment.
Ashenzari will now identify your possessions.
a - a scroll of amnesia;
d - a scroll of blinking;
f - a scroll of fog
g - 3 scrolls of poison;
h - 4 scrolls of identify;
i - a potion of attraction
l - 2 potions of degeneration;
p - 2 potions of haste;
q - a scroll of noise
r - 2 potions of curing;
s - a potion of magic;
t - 2 scrolls of teleportation
v - 2 scrolls of enchant weapon;
w - a potion of heal wounds
x - a scroll of butterflies;
A - a scroll of brand weapon 😮 HP[+1] Key pressed, stopping explore.
Key pressed, stopping explore.
Found a stone staircase leading down. 😎 HP[+17] MP[+1]
Your hp is fully restored (48).
Your mp is fully restored (8).
Found a hide-covered altar of Uskayaw.
Found an ancient bone altar of Kikubaaqudgha.
Key pressed, stopping explore.
A steam dragon comes into view.
A steam dragon is nearby!
A steam dragon is nearby!
A steam dragon is nearby!
A steam dragon is nearby!
The steam dragon hisses angrily.
The steam dragon breathes steam at you.
The ball of steam hits you!! 😮 HP[-16] MP[-3]
You take 16 damage, and now have 32/48 hp.
MASSIVE DAMAGE!! (PAUSE)
You lost 3 mp, and now have 5/8 mp.
You are engulfed in a cloud of scalding steam.
* * * LOW HITPOINT WARNING * * *
The steam dragon bites you.
* * * LOW HITPOINT WARNING * * *
The steam dragon misses you. 😨 HP[-9] MP[-2]
You take 9 damage, and now have 23/48 hp.
You lost 2 mp, and now have 3/8 mp.
You tentacle-slap the steam dragon. Your squeeze misses the steam dragon.
The steam dragon bites you!
* * * LOW HITPOINT WARNING * * *
The steam dragon claws you.
* * * LOW HITPOINT WARNING * * *
Unknown command. 😱 HP[-15] MP[-2]
You take 15 damage, and now have 8/48 hp.
MASSIVE DAMAGE!! (PAUSE)
You lost 2 mp, and now have 1/8 mp.
You bludgeon the steam dragon! The steam dragon breathes steam at you.
The ball of steam hits you!!
You die...

Skill      XL: |  1  2  3  4  5  6  7  8 |
---------------+-------------------------+-----
Unarmed Combat | 4 5 6 7 9 10 | 10.0
Stealth        | 3 |  3.4
Fighting       | |  1.0
Dodging        | |  2.0
Shapeshifting  | |  3.7

Action                     |  1- 3 |  4- 6 |  7- 9 || total
---------------------------+-------+-------+-------++-------
  Melee: Unarmed           |    68 |    81 |    67 ||   216
         Tentacles         |    14 |    19 |     9 ||    42
         Constrict         |    16 |    19 |    11 ||    46
         Punch             |     1 |     5 |     9 ||    15
  Throw: Throwing net      |       |       |     1 ||     1
 Invoke: Curse Item        |       |       |     2 ||     2
  Evoke: Wand              |       |     3 |     3 ||     6
    Use: Potion            |       |     1 |     2 ||     3
   Stab: Distracted        |     1 |       |       ||     1
         Sleeping          |     3 |     6 |     4 ||    13
 Armour: Skin              |    36 |    38 |    45 ||   119
  Dodge: Dodged            |    43 |    33 |    40 ||   116

Levels and vault maps discovered:
D:1:      dpeg_arrival_brainrot, layout_basic, ebering_ecumenical_altar_ruins,
          serial_bayou_crossing
D:2:      layout_rooms, lightli_corner_chamber
D:3:      layout_basic, hangedman_glass_teeth, nicolae_titane
D:4:      layout_basic, minmay_temple_entry_sparse_star,
          gammafunk_ghost_mausoleum, nicolae_shop_gadgets
D:5:      layout_basic, serial_glass, glass_columns_a, glass_columns_a,
          grunt_decor_cap, hangedman_abyss_or_decor_stagger,
          hangedman_feature_mirror, chequers_serial_rivers_micro_d, uniq_duvessa
D:6:      layout_basic, nzn_overflow_gifts_of_might_and_magic, minitemple,
          hellmonk_ghost_happy_afterlife, dilly_guarded_unrand_devastator
Temple:   nicolae_temple_bog_church

Notes
Turn   | Place    | Note
-------+----------+-------------------------------------------
     0 | D:1      | ytrimaz the Octopode Shapeshifter began the quest for the
                  | Orb.
     0 | D:1      | Reached XP level 1. HP: 13/13 MP: 1/1
     0 | D:1      | magus.rc [v1.9.6]
    27 | D:1      | HP: 3/13 [worm (10)]
    29 | D:1      | HP: 1/13 [constriction (1)]
    94 | D:1      | Reached XP level 2. HP: 18/18 MP: 2/2
   570 | D:1      | Found a faded altar of an unknown god.
   688 | D:1      | Reached skill level 4 in Unarmed Combat
   794 | D:1      | Reached XP level 3. HP: 19/23 MP: 3/3
  1173 | D:2      | You pick up a book of Spectacle and begin reading...
  1173 | D:2      | You add the spells Volatile Blastmotes, Dazzling Flash,
                  | Starburst and Maxwell's Capacitive Coupling to your
                  | library.
  1563 | D:3      | Reached skill level 5 in Unarmed Combat
  1563 | D:3      | Reached XP level 4. HP: 21/28 MP: 2/4
  1647 | D:3      | Reached XP level 5. HP: 33/33 MP: 3/5
  1667 | D:3      | You pick up a book of Fire and begin reading...
  1667 | D:3      | You add the spells Foxfire and Plasma Beam to your library.
  2146 | D:4      | Reached skill level 6 in Unarmed Combat
  2163 | D:4      | Found a transporter.
  2163 | D:4      | Noticed kd29's ghost (amateur DsRe)
  2247 | D:4      | Found Amuefum's Gadget Gallery.
  2266 | D:4      | Bought a wand of quicksilver (3) for 151 gold pieces
  2358 | D:4      | Found a transporter.
  2390 | D:4      | Reached XP level 6. HP: 38/38 MP: 6/6
  2593 | D:4      | Found a staircase to the Ecumenical Temple.
  2605 | Temple   | Entered the Ecumenical Temple
  2620 | Temple   | Became a worshipper of Ashenzari the Shackled
  2850 | D:5      | Entered Level 5 of the Dungeon
  2927 | D:5      | Reached skill level 7 in Unarmed Combat
  2930 | D:5      | Found a hazy altar of Hepliaklqana.
  2948 | D:5      | HP: 12/57 [iguana (6)]
  3124 | D:5      | Noticed an ice beast
  3135 | D:5      | Killed an ice beast
  3136 | D:5      | Reached XP level 7. HP: 43/43 MP: 7/7
  3254 | D:5      | Noticed Duvessa
  3254 | D:5      | Noticed Dowan
  3285 | D:5      | Found a radiant altar of Vehumet.
  3289 | D:5      | Reached skill level 8 in Unarmed Combat
  3295 | D:5      | HP: 16/64 [poisoned by a scorpion]
  3300 | D:5      | HP: 12/64 [poisoned by a scorpion]
  3604 | D:5      | Reached skill level 9 in Unarmed Combat
  4003 | D:6      | Found the +6 shillelagh "Devastator" {shatter}
  4024 | D:6      | Reached XP level 8. HP: 48/48 MP: 8/8
  4065 | D:6      | Noticed GreenGuy14's ghost (novice GnFi)
  4073 | D:6      | Found a runed translucent door.
  4116 | D:6      | HP: 12/48 [orc priest/+0 whip (5)]
  4119 | D:6      | Reached skill level 10 in Unarmed Combat
  4384 | D:6      | Reached skill level 1 in Stealth
  4433 | D:6      | Reached skill level 2 in Stealth
  4436 | D:6      | Reached skill level 3 in Stealth
  4478 | D:6      | Reached * piety under Ashenzari
  4589 | D:6      | Found a hide-covered altar of Uskayaw.
  4594 | D:6      | Found an ancient bone altar of Kikubaaqudgha.
  4637 | D:6      | HP: 8/48 [steam dragon (5)]
  4638 | D:6      | Killed from afar by a steam dragon

Vanquished Creatures
  A water moccasin (D:5)
  A sky beast (D:6)
  2 ice beasts
  An ogre (D:6)
  A phantom (D:6)
  A scorpion (D:5)
  3 hounds
  5 orc priests
  A jelly (D:6)
  4 orc wizards
  A sleepcap (D:4)
  4 iguanas
  10 adders
  2 ufetubi (D:5)
  3 worms
  A dart slug (D:1)
  8 orcs
  5 endoplasms
  2 giant cockroaches
  8 goblins
  5 hobgoblins
  5 jackals
  5 quokkas
  7 ball pythons
  9 bats
  A frilled lizard (D:2)
  3 kobolds
  2 rats (D:1)
101 creatures vanquished.

Vanquished Creatures (collateral kills)
  An ogre (D:6)
1 creature vanquished.

Grand Total: 102 creatures vanquished

Table legend:
 A = Non-vault XP
 B = Vault XP
 C = Vault XP percentage of total XP
 D = Non-vault monster count
 E = Vault monster count
 F = Vault count percentage of total count
                 A         B        C        D         E       F
            +---------+---------+-------+---------+---------+-------
      Total |    1367 |     536 |  28.2 |      93 |       9 |   8.8
            +---------+---------+-------+---------+---------+-------
        D:1 |      30 |       5 |  14.3 |      18 |       1 |   5.3
        D:2 |      33 |       0 |   0.0 |      10 |       0 |   0.0
        D:3 |     120 |       0 |   0.0 |      15 |       0 |   0.0
        D:4 |     236 |       0 |   0.0 |      23 |       0 |   0.0
        D:5 |     395 |     337 |  46.0 |      17 |       6 |  26.1
        D:6 |     553 |     194 |  26.0 |      10 |       2 |  16.7
            +---------+---------+-------+---------+---------+-------

Skill      XL: |  1  2  3  4  5  6  7  8 |
---------------+-------------------------+-----
Unarmed Combat | 4 5 6 7 9 10 | 10.0
Stealth        | 3 |  3.4
Fighting       | |  1.0
Dodging        | |  2.0
Shapeshifting  | |  3.7

Action                     |  1- 3 |  4- 6 |  7- 9 || total
---------------------------+-------+-------+-------++-------
  Melee: Unarmed           |    68 |    81 |    67 ||   216
         Tentacles         |    14 |    19 |     9 ||    42
         Constrict         |    16 |    19 |    11 ||    46
         Punch             |     1 |     5 |     9 ||    15
  Throw: Throwing net      |       |       |     1 ||     1
 Invoke: Curse Item        |       |       |     2 ||     2
  Evoke: Wand              |       |     3 |     3 ||     6
    Use: Potion            |       |     1 |     2 ||     3
   Stab: Distracted        |     1 |       |       ||     1
         Sleeping          |     3 |     6 |     4 ||    13
 Armour: Skin              |    36 |    38 |    45 ||   119
  Dodge: Dodged            |    43 |    33 |    40 ||   116

Illustrated notes

Table legend:
 A = Kills in this place as a percentage of kills in the entire game.
 B = Kills by you in this place as a percentage of kills by you in the entire game.
 C = Kills by friends in this place as a percentage of kills by friends in the entire game.
 D = Other kills in this place as a percentage of other kills in the entire game.
 E = Experience gained in this place as a percentage of experience gained in the entire game.
 F = Experience gained in this place divided by the number of levels of this place that you have seen.
                   A       B       C       D       E      F
               +-------+-------+-------+-------+-------+----------------------
         Total | 100.0 | 100.0 | 100.0 |   N/A | 100.0 | 271.9
       Dungeon | 100.0 | 100.0 | 100.0 |   N/A | 100.0 | 317.2
               +-------+-------+-------+-------+-------+----------------------

Table legend: (Time is in decaauts)
 A = Elapsed time spent in this place.
 B = Non-inter-level travel time spent in this place.
 C = Inter-level travel time spent in this place.
 D = Time resting spent in this place.
 E = Time spent auto-exploring this place.
 F = Levels seen in this place.
 G = Mean time per level.
                   A        B        C        D        E       F      G
               +--------+--------+--------+--------+--------+-----+--------+
         Total |   4620 |   4538 |     82 |    188 |   3611 |   7 |  660.0 |
       Dungeon |   4589 |   4535 |     54 |    188 |   3611 |   6 |  764.8 |
        Temple |     30 |      2 |     28 |      0 |      0 |   1 |   30.0 |
               +--------+--------+--------+--------+--------+-----+--------+

Top non-repeatable levels by time:
     D:5: 1084 daAuts
     D:1: 993 daAuts
     D:6: 700 daAuts
     D:4: 691 daAuts
     D:3: 600 daAuts
     D:2: 520 daAuts
  Temple: 30 daAuts
